 Dungeon Sprint DCSS version 0.25-a0-41-g6cf4ce537d (webtiles) character file.

Game seed: 14976729640996168113, levelgen mode: deterministic

34096 GordonOverkill the Conqueror (level 13, -2/161 (163) HPs)
             Began as a Minotaur Berserker on Oct 21, 2019.
             Was the Champion of Trog.
             Engulfed by a cloud of foul pestilence (10 damage)
             ... in the Dungeon (Sprint I: "Red Sonja").
             The game lasted 00:21:20 (6949 turns).

GordonOverkill the Conqueror (Minotaur Berserker)   Turns: 6949, Time: 00:21:20

HP:   -2/161 (163)  AC: 29    Str: 28    XL:     13   Next: 40%
MP:   4/4           EV: 14    Int:  6    God:    Trog [******]
Gold: 2845          SH:  0    Dex: 13    Spells: 12/12 levels left

rFire    + + +     SeeInvis .   u - +6 battleaxe (antimagic)
rCold    + . .     Gourm    .   (shield currently unavailable)
rNeg     + . .     Faith    +   s - +4 plate armour {rF+}
rPois    +         Spirit   .   (helmet restricted)
rElec    +         Reflect  .   t - +1 cloak {rPois}
rCorr    .         Harm     .   (no gloves)
MR       .....     NoTele   +   w - +2 pair of boots {Stlth+}
Stlth    ..........             p - amulet of the Enemy {Faith rElec rF+++ Str+4 Slay-3}
HPRegen  0.36/turn              C - ring of Simifyveud {Wiz rF+ rN+ Int+2}
MPRegen  0.09/turn              h - ring of ice

@: starving
A: retaliatory headbutt, horns 2, rugged brown scales 1, poison resistance
0: Orb of Zot
a: Berserk, Trog's Hand, Brothers in Arms, Renounce Religion


You were in the Dungeon.
You worshipped Trog.
Trog was exalted by your worship.
You were starving.

You visited 1 branch You collected 4113 gold pieces.
You spent 1268 gold pieces at shops.

Inventory:

Hand Weapons
 f - a +3 antimagic executioner's axe
 l - a +2 war axe of venom
 r - a +4 eveningstar of flaming
 u - a +6 antimagic battleaxe (weapon)
Missiles
 B - 6 boomerangs (quivered)
Armour
 s - a +4 plate armour of fire resistance (worn)
 t - a +1 cloak of poison resistance (worn)
 w - a +2 pair of boots of stealth (worn)
Jewellery
 h - a ring of ice (right hand)
 p - the amulet of the Enemy (around neck) {Faith rElec rF+++ Str+4 Slay-3}
   (You found it in the Dungeon)

   [amulet of faith]

   It allows you to gain divine favour quickly.
   It affects your strength (+4).
   It affects your accuracy and damage with ranged weapons and melee attacks
   (-3).
   It renders you almost immune to fire.
   It insulates you from electricity.
 C - the ring of Simifyveud (left hand) {Wiz rF+ rN+ Int+2}
   (You took it off a deep elf annihilator in the Dungeon)

   [ring of wizardry]

   It improves your spell success rate.
   It affects your intelligence (+2).
   It protects you from fire.
   It protects you from negative energy.
Scrolls
 i - a scroll of blinking
 z - a scroll of remove curse
Potions
 a - a potion of haste
 d - a potion of curing
 g - 2 potions of magic
 j - 2 potions of brilliance
 k - a potion of lignification
 m - a potion of cancellation
Miscellaneous
 e - a lamp of fire


   Skills:
 O Level 27 Fighting
 - Level 20.0 Axes
 + Level 18.2 Armour
 - Level 10.8 Dodging


You had 12 spell levels left.
You didn't know any spells.
Your spell library was empty.

Dungeon Overview and Level Annotations

Branches:
Dungeon (1/1)

Altars:
Cheibriados
Dithmenos
Elyvilon
Fedhas
Gozag
Hepliaklqana
Kikubaaqudgha
Makhleb
Nemelex Xobeh
Okawaru
Qazlal
Ru
Sif Muna
Trog
Uskayaw
Vehumet
Wu Jian
Xom
Yredelemnul
Zin
The Shining One
Jiyva
Lugonu

Shops:
D ?!((*?%?!**}%?[=[

Annotations:
D exclusion: oklob plant, Lernaean hydra, Tiamat


Innate Abilities, Weirdness & Mutations

You reflexively headbutt those who attack you in melee.
You have a pair of horns on your head.
You are partially covered in rugged brown scales. (AC +1, +3% HP)
Your system is resistant to poisons. (rPois)


Message History

You are engulfed in dark miasma.
You feel your flesh rotting away!
* * * LOW HITPOINT WARNING * * *
You are engulfed in dark miasma.
* * * LOW HITPOINT WARNING * * *
You are engulfed in dark miasma.
You feel your flesh rotting away!
* * * LOW HITPOINT WARNING * * *
Okay, then.
Your blink will be uncontrolled - continue anyway? [Y]es or [N]o only, please.
Your blink will be uncontrolled - continue anyway? [Y]es or [N]o only, please.
Your blink will be uncontrolled - continue anyway?
The Orb prevents control of your translocation!
You blink.
As you read the scroll of blinking, it crumbles to dust.
You feel yourself speed up.
You are engulfed in dark miasma.
You die...

......##.#*,#..○......#.###°°#...
......§'.####.........#.#.'°°##.§
''######.#()'......####'#.##+##..
....§.§#.#####...###....#.#≈≈≈##.
.)....#'§#(..#####)..####.#≈≈≈≈##
.....≈####......)))###°°°.#≈≈≈≈≈#
....≈≈##..)....#####.°°°###*≈≈≈≈#
..≈≈≈###......##.○°°°^..#,,*'≈≈≈'
≈≈≈### #(....##.@○°○°.°.#,,,**≈≈*
###'####.....#^..°○○○○○○#,,,,####
####∩∩############.○○.○○#,,,,#≈≈≈
∩∩∩∩∩###≈≈≈d≈≈≈≈.#.^.○○○#######≈≈
###### ###########..^.○○')(#)['..
#.....'...^...^^.#:)'[=#..
##########################


There were no monsters in sight!

Vanquished Creatures
  Lom Lobon (D)
  A golden dragon (D)
  A shadow dragon (D)
  4 fire giants (D)
  A deep elf annihilator (D)
  A lorocyproca (D)
  A hydra (D)
  2 centaur warriors (D)
  Sonja (D)
  A deep troll (D)
  7 unseen horrors (D)
  A lindwurm (D)
  An oklob plant (D)
  2 merfolk sirens (D)
  A gargoyle (D)
  2 kobold demonologists (D)
  3 demonic crawlers (D)
  A hellwing (D)
  A slime creature (D)
  3 hornets (D)
  Sigmund (D)
  2 redbacks (D)
  A yak (D)
  6 hogs (D)
  3 floating eyes (D)
  An ogre (D)
  7 necrophages (D)
  8 jellies (D)
  Ijyb (D)
  A ballistomycete spore (D)
67 creatures vanquished.

Vanquished Creatures (collateral kills)
  A deep elf master archer (D)
  A demonic crawler (D)
  7 hogs (D)
9 creatures vanquished.

Vanquished Creatures (others)
  A gargoyle (D)
  2 hornets (D)
  A ballistomycete spore (D)
4 creatures vanquished.

Grand Total: 80 creatures vanquished

Notes
Turn   | Place    | Note
-------+----------+-------------------------------------------
     0 | D        | GordonOverkill the Minotaur Berserker began the quest for
                  | the Orb.
     0 | D        | Reached XP level 1. HP: 19/19 MP: 0/0
     1 | D        | Noticed Ijyb
    12 | D        | Killed Ijyb
    12 | D        | Reached XP level 2. HP: 17/26 MP: 1/1
   119 | D        | Noticed an ogre
   121 | D        | Killed an ogre
   121 | D        | Reached XP level 3. HP: 31/31 MP: 2/2
   121 | D        | Reached XP level 4. HP: 39/39 MP: 3/3
   174 | D        | Noticed Sigmund
   180 | D        | Killed Sigmund
   180 | D        | Reached ** piety under Trog
   180 | D        | Reached XP level 5. HP: 45/45 MP: 4/4
   180 | D        | Reached XP level 6. HP: 51/51 MP: 5/5
   233 | D        | Found an ornate altar of the Wu Jian Council.
   233 | D        | Found a shimmering blue altar of Sif Muna.
   235 | D        | Found a radiant altar of Vehumet.
   265 | D        | Found Qeolis's Distillery.
   265 | D        | Found an ancient bone altar of Kikubaaqudgha.
   265 | D        | Found a hazy altar of Hepliaklqana.
   265 | D        | Found a hide-covered altar of Uskayaw.
   265 | D        | Found a basalt altar of Yredelemnul.
   265 | D        | Found an opulent altar of Gozag.
   265 | D        | Found a snail-covered altar of Cheibriados.
   265 | D        | Found a sacrificial altar of Ru.
   265 | D        | Found a shadowy altar of Dithmenos.
   265 | D        | Noticed a yak
   271 | D        | Killed a yak
   272 | D        | Found a stormy altar of Qazlal.
   272 | D        | Found a blossoming altar of Fedhas.
   272 | D        | Found a bloodstained altar of Trog.
   272 | D        | Found an iron altar of Okawaru.
   272 | D        | Found a glowing golden altar of the Shining One.
   272 | D        | Found a glowing silver altar of Zin.
   272 | D        | Found a white marble altar of Elyvilon.
   275 | D        | Found a sparkling altar of Nemelex Xobeh.
   396 | D        | Found a viscous altar of Jiyva.
   396 | D        | Found a corrupted altar of Lugonu.
   396 | D        | Noticed a slime creature
   397 | D        | Found a burning altar of Makhleb.
   397 | D        | Found a shimmering altar of Xom.
   401 | D        | Killed a slime creature
   401 | D        | Reached *** piety under Trog
   401 | D        | Reached XP level 7. HP: 11/57 MP: 6/6
   665 | D        | Noticed a kobold demonologist
   665 | D        | Noticed a kobold demonologist
   667 | D        | Paralysed by a floating eye for 3 turns
   668 | D        | Noticed an ice devil
   675 | D        | Killed a kobold demonologist
   675 | D        | Reached skill level 8 in Fighting
   678 | D        | Killed a kobold demonologist
   678 | D        | Reached **** piety under Trog
   678 | D        | Reached skill level 10 in Fighting
   678 | D        | Reached XP level 8. HP: 59/81 MP: 7/7
   848 | D        | Noticed a demonic crawler
   848 | D        | Noticed a demonic crawler
   848 | D        | Noticed a demonic crawler
   848 | D        | Noticed a demonic crawler
   853 | D        | Killed a demonic crawler
   853 | D        | Reached skill level 12 in Fighting
   854 | D        | Killed a demonic crawler
   862 | D        | Killed a demonic crawler
   862 | D        | Reached skill level 13 in Fighting
   867 | D        | Killed a demonic crawler
   867 | D        | Reached skill level 14 in Fighting
   867 | D        | Reached XP level 9. HP: 16/96 MP: 8/8
  1197 | D        | Noticed a lindwurm
  1210 | D        | Killed a lindwurm
  1210 | D        | Reached skill level 16 in Fighting
  1315 | D        | Killed a gargoyle
  1427 | D        | Reached ***** piety under Trog
  1434 | D        | Reached skill level 5 in Armour
  1435 | D        | Reached skill level 5 in Dodging
  1453 | D        | Received a gift from Trog
  1453 | D        | Reached XP level 10. HP: 16/107 MP: 9/9
  1719 | D        | Noticed a gargoyle
  1765 | D        | Killed a gargoyle
  1799 | D        | Noticed Sonja
  1807 | D        | Killed Sonja
  1807 | D        | Reached skill level 10 in Armour
  1841 | D        | Noticed a deep troll
  1855 | D        | Killed a deep troll
  1855 | D        | Reached skill level 10 in Dodging
  1860 | D        | Found Pyahug's Magic Scroll Boutique.
  1897 | D        | Noticed a centaur warrior
  1897 | D        | Noticed a centaur warrior
  1910 | D        | Killed a centaur warrior
  1910 | D        | Reached skill level 17 in Fighting
  1912 | D        | Killed a centaur warrior
  1912 | D        | Reached skill level 18 in Fighting
  2248 | D        | Reached ****** piety under Trog
  2248 | D        | Received a gift from Trog
  2263 | D        | Noticed an oklob plant
  2269 | D        | Killed an oklob plant
  2377 | D        | Killed an unseen horror
  2377 | D        | Reached XP level 11. HP: 28/121 MP: 10/10
  2385 | D        | HP: 5/121 [something (8)]
  2388 | D        | Killed an unseen horror
  2388 | D        | Reached skill level 19 in Fighting
  2442 | D        | Received a gift from Trog
  2475 | D        | Received a gift from Trog
  2519 | D        | Paralysed by fainting for 9 turns
  2528 | D        | Got an ancient bronze amulet
  2542 | D        | Found Kenly's Antique Weapon Shoppe.
  2542 | D        | Found Naqodd's Antique Weapon Shop.
  2542 | D        | Found Upeugorr's General Store.
  2544 | D        | Found Sodasini's Magic Scroll Emporium.
  2544 | D        | Found Daoz's Food Shop.
  2544 | D        | Found Boibb's Magic Scroll Shoppe.
  2544 | D        | Found Caecwuf's Distillery.
  2544 | D        | Found Nicruwnagiu's Assorted Antiques.
  2544 | D        | Found Meitring's Assorted Antiques.
  2544 | D        | Found Cyaptamm's Gadget Shoppe.
  2776 | D        | Found Irphuomil's Food Boutique.
  2777 | D        | Found Ofawin's Antique Armour Emporium.
  2777 | D        | Found Icarisei's Magic Scroll Boutique.
  2778 | D        | Found Hekhli's Jewellery Emporium.
  2785 | D        | Bought a shiny plate armour for 624 gold pieces
  2785 | D        | Bought an embroidered cloak for 180 gold pieces
  2800 | D        | Identified the amulet of the Enemy {Faith rElec rF+++ Str+4
                  | Slay-3} (You found it in the Dungeon)
  2807 | D        | Bought a pair of boots for 108 gold pieces
  2920 | D        | Noticed a 12-headed hydra
  2924 | D        | Killed a 12-headed hydra
  2925 | D        | Paralysed by a floating eye for 2 turns
  2970 | D        | Noticed a deep elf annihilator
  2984 | D        | Reached skill level 20 in Fighting
  2991 | D        | Received a gift from Trog
  3056 | D        | Noticed a shadow dragon
  3066 | D        | Noticed a golden dragon
  3280 | D        | Killed a golden dragon
  3280 | D        | Reached skill level 22 in Fighting
  3326 | D        | Killed a shadow dragon
  3326 | D        | Reached skill level 23 in Fighting
  3326 | D        | Reached XP level 12. HP: 66/139 MP: 3/11
  3665 | D        | Found Fotuat's Armour Shoppe.
  3684 | D        | Bought a +2 pair of boots of stealth for 236 gold pieces
  3713 | D        | Identified the ring of Simifyveud {Wiz rF+ rN+ Int+2}
  3724 | D        | Noticed a daeva
  4002 | D        | Bought a ration for 60 gold pieces
  4002 | D        | Bought a ration for 60 gold pieces
  4083 | D        | Killed a lorocyproca
  4083 | D        | Reached skill level 24 in Fighting
  5842 | D        | Noticed a fire giant
  5843 | D        | Noticed a fire giant
  5844 | D        | Noticed a fire giant
  5845 | D        | Noticed a fire giant
  5851 | D        | Killed a fire giant
  5851 | D        | Received a gift from Trog
  5851 | D        | Reached skill level 25 in Fighting
  5854 | D        | Killed a fire giant
  5857 | D        | Killed a fire giant
  5857 | D        | Reached skill level 26 in Fighting
  5865 | D        | Killed a fire giant
  5865 | D        | Received a gift from Trog
  5903 | D        | Got a warped battleaxe {god gift}
  5904 | D        | Identified the +7 battleaxe of Grandeur {venom, *Rage
                  | +Blink Str+3} (Trog gifted it to you in the Dungeon)
  5930 | D        | Identified the +4 dragonskin cloak
  5930 | D        | Noticed Tiamat
  6030 | D        | Killed a deep elf annihilator
  6030 | D        | Reached skill level 27 in Fighting
  6037 | D        | Noticed a mummy priest
  6090 | D        | Gained mutation: Your system is resistant to poisons.
                  | (rPois) [potion of mutation]
  6090 | D        | Gained mutation: You are partially covered in rugged brown
                  | scales. (AC +1, +3% HP) [potion of mutation]
  6139 | D        | Noticed Lom Lobon
  6176 | D        | Killed Lom Lobon
  6176 | D        | Reached XP level 13. HP: 106/162 MP: 1/12
  6222 | D        | Noticed a deep elf master archer
  6231 | D        | Killed a deep elf master archer
  6231 | D        | Received a gift from Trog
  6593 | D        | Noticed the 27-headed Lernaean hydra
  6936 | D        | Got the Orb of Zot
  6947 | D        | HP: 7/161 [something (12)]
  6949 | D        | Engulfed by a cloud of foul pestilence

Levels and vault maps discovered:
D:        dungeon_sprint_1 [red_sonja_temple_1, red_sonja_temple_small_1]

Skill      XL: |  1  2  3  4  5  6  7  8  9 10 11 12 13 |
---------------+----------------------------------------+-----
Axes           | 7 11 14 17 18 20 | 20.0
Fighting       | 10 14 16 18 23 27 | 27.0
Armour         | 8 10 17 18 | 18.2
Dodging        | 7 10 | 10.8

Action                   |  1- 3 |  4- 6 |  7- 9 | 10-12 | 13-15 || total
-------------------------+-------+-------+-------+-------+-------++-------
Melee: Hand axe          |    10 |    17 |    61 |       |       ||    88
       Headbutt          |     3 |     7 |    16 |    49 |       ||    75
       War axe           |       |       |       |    32 |       ||    32
       Battleaxe         |       |       |       |   151 |     1 ||   152
       Eveningstar       |       |       |       |     3 |       ||     3
Invok: Berserk           |     1 |     2 |     3 |     6 |       ||    12
       Brothers in Arms  |       |       |     2 |       |     2 ||     4
       Trog's Hand       |       |       |     1 |     4 |     1 ||     6
  Use: Potion            |       |       |       |     7 |     4 ||    11
       Scroll            |       |       |       |     9 |     2 ||    11
  Eat: Chunk             |       |       |     3 |     9 |     2 ||    14
       Ration            |       |       |     1 |     4 |       ||     5
Armor: Animal skin       |     1 |       |       |       |       ||     1
       Leather armour    |       |       |     5 |    11 |       ||    16
       Plate armour      |       |       |       |    64 |    45 ||   109
Dodge: Dodged            |     6 |     5 |    36 |    98 |    20 ||   165

Table legend:
 A = Non-vault XP
 B = Vault XP
 C = Vault XP percentage of total XP
 D = Non-vault monster count
 E = Vault monster count
 F = Vault count percentage of total count
                 A         B        C        D         E       F
            +---------+---------+-------+---------+---------+-------
      Total |       0 |   48709 | 100.0 |       0 |      77 | 100.0
            +---------+---------+-------+---------+---------+-------
          D |       0 |   48709 | 100.0 |       0 |      77 | 100.0
            +---------+---------+-------+---------+---------+-------
